 Dungeon Crawl Stone Soup version 0.22-a0-848-ge9e22a0 (webtiles) character file.

2793 Supahsalami the Basher (level 9, -5/57 HPs)
             Began as a Gargoyle Fighter on July 27, 2018.
             Was a Believer of Okawaru.
             Killed by divine providence
             ... invoked by an orc priest
              (14 damage)
             ... on level 8 of the Dungeon.
             The game lasted 00:17:07 (7002 turns).

Supahsalami the Basher (Gargoyle Fighter)           Turns: 7002, Time: 00:17:08

Health: -5/57      AC: 25    Str: 27    XL:     9   Next: 71%
Magic:  8/9        EV:  8    Int: 10    God:    Okawaru [**....]
Gold:   225        SH:  0    Dex:  9    Spells: 8/8 levels left

rFire    . . .     SeeInvis .   g - +3 dire flail (venom)
rCold    . . .     Gourm    .   (shield currently unavailable)
rNeg     + . .     Faith    .   s - +0 chain mail
rPois    ∞         Spirit   .   E - +1 helmet
rElec    +         Reflect  .   (no cloak)
rCorr    .         Harm     .   (no gloves)
MR       .....                  D - +0 pair of boots
Stlth    ..........             (no amulet)
HPRegen  0.19/turn              b - +5 ring of protection
MPRegen  0.11/turn              (no ring)

@: mighty
A: negative energy resistance 1, electricity resistance, unbreathing,
petrification resistance, rot immunity, AC +6
a: Heroism, Renounce Religion


You were on level 8 of the Dungeon.
You worshipped Okawaru.
Okawaru was pleased with you.
You were hungry.

You visited 2 branches of the dungeon, and saw 9 of its levels.

You collected 375 gold pieces.
You spent 150 gold pieces at shops.

Inventory:

Hand Weapons
 a - a +0 flail
 g - a +3 dire flail of venom (weapon)
 F - a cursed -2 morningstar
 H - a cursed -2 mace
Missiles
 w - a throwing net
 x - 182 stones
 A - 4 tomahawks (quivered)
Armour
 c - a +0 shield
 s - a +0 chain mail (worn)
 D - a +0 pair of boots (worn)
 E - a +1 helmet (worn)
Jewellery
 b - a +5 ring of protection (left hand)
Wands
 C - a wand of flame (31)
 G - a wand of digging (11)
Scrolls
 e - 2 scrolls of magic mapping {unknown}
 l - a scroll of immolation {unknown}
 m - a scroll of noise {unknown}
 o - 2 scrolls of amnesia {unknown}
 u - 2 scrolls of remove curse {unknown}
 v - 2 scrolls of teleportation {unknown}
 y - a scroll of enchant weapon {unknown}
 z - a scroll of fog {unknown}
Potions
 d - 2 potions of might
 h - a potion of brilliance
 i - a potion of ambrosia {unknown}
 j - a potion of invisibility {unknown}
 k - a potion of magic {unknown}
 n - 3 potions of haste
 p - a potion of experience {unknown}
 q - a potion of berserk rage
 t - a potion of heal wounds {unknown}
 B - 2 potions of lignification
Comestibles
 f - 12 rations
 I - 7 chunks of flesh


   Skills:
 + Level 7.1 Fighting
 * Level 8.5 Maces & Flails
 + Level 7.1 Armour
 + Level 7.2 Shields


You had 8 spell levels left.
You didn't know any spells.
Your spell library was empty.

Dungeon Overview and Level Annotations

Branches:
Dungeon (8/15)             Temple (1/1) D:6
   Lair: D:8-11

Altars:
Ashenzari
Cheibriados
Dithmenos
Elyvilon
Fedhas
Gozag
Hepliaklqana
Kikubaaqudgha
Makhleb
Nemelex Xobeh
Okawaru
Qazlal
Ru
Sif Muna
Trog
Uskayaw
Vehumet
Wu Jian
Xom
Yredelemnul
Zin
The Shining One

Shops:
D:5 [


Innate Abilities, Weirdness & Mutations

You are resistant to torment.
Your stone body is resilient. (AC +6)
You are immune to poison.
You resist negative energy. (rN+)
You are resistant to electric shocks. (rElec)
You can survive without breathing.
You are immune to petrification.
You are immune to rotting.


Message History

The orc warrior hits you but does no damage.
The crimson imp hits you.
* * * LOW HITPOINT WARNING * * *
You puncture the crimson imp!
You kill the crimson imp!
Okawaru accepts your kill.
The orc warrior hits you but does no damage.
You closely miss the orc. The orc hits you but does no damage.
The orc warrior misses you.
You barely miss the orc. The orc barely misses you.
You puncture the orc!
You kill the orc!
Okawaru accepts your kill.
The orc warrior hits you but does no damage.
There is an open door here.
You completely miss the orc warrior. The orc warrior barely misses you.
You closely miss the orc warrior.
The orc priest mumbles some strange prayers to Beogh against you.
Beogh smites you!
You die...

...#
#...#
.... ##
... ...
..♣....
o......
###o....#
##.@#
#...#
#<.##
####


You could see an orc warrior and an orc priest.

Vanquished Creatures
  Sigmund (D:5)
  A water moccasin (D:8)
  2 black bears
  A phantom (D:6)
  2 ice beasts
  2 sky beasts
  5 ogres
  2 centaurs (D:6)
  Blork the orc (D:4)
  A wyvern zombie (D:8)
  5 wights (D:6)
  A howler monkey (D:4)
  6 crimson imps
  A bullfrog zombie (D:4)
  A quasit (D:5)
  An orc priest (D:4)
  A hound (D:4)
  A jelly (D:8)
  2 bullfrog skeletons
  A centaur skeleton (D:5)
  2 iguanas
  2 orc wizards
  4 worker ants
  4 gnolls
  7 adders
  3 shadow imps
  4 oozes
  2 adder zombies (D:5)
  7 worms
  6 dart slugs
  6 leopard geckos
  19 orcs
  8 bats
  5 giant cockroaches
  9 goblins
  6 hobgoblins
  9 jackals
  12 kobolds
  3 quokkas
  3 ball pythons
  8 frilled lizards
  A jackal skeleton (D:4)
  A leopard gecko skeleton (D:4)
  6 rats
175 creatures vanquished.

Vanquished Creatures (others)
  A plant (D:6)
1 creature vanquished.

Grand Total: 176 creatures vanquished

Notes
Turn   | Place    | Note
-------+----------+-------------------------------------------
     0 | D:1      | Supahsalami the Gargoyle Fighter began the quest for the Orb.
     0 | D:1      | Reached XP level 1. HP: 14/14 MP: 1/1
    63 | D:1      | Reached XP level 2. HP: 19/19 MP: 2/2
   330 | D:1      | Reached XP level 3. HP: 22/23 MP: 3/3
   556 | D:1      | Found a glowing golden altar of the Shining One.
   777 | D:2      | Reached skill level 3 in Maces & Flails
   818 | D:2      | Reached XP level 4. HP: 29/29 MP: 4/4
  1950 | D:2      | Reached XP level 5. HP: 32/33 MP: 5/5
  2544 | D:4      | Noticed an ogre
  2580 | D:4      | Noticed an ogre
  2714 | D:3      | Killed an ogre
  2714 | D:3      | Reached skill level 4 in Maces & Flails
  2714 | D:3      | Reached XP level 6. HP: 12/38 MP: 6/6
  3172 | D:4      | Noticed Blork the orc
  3185 | D:4      | Killed Blork the orc
  3388 | D:4      | Reached XP level 7. HP: 25/44 MP: 7/7
  3401 | D:4      | Reached skill level 5 in Maces & Flails
  3665 | D:4      | Reached skill level 5 in Shields
  3721 | D:4      | Reached skill level 5 in Fighting
  3721 | D:4      | Reached skill level 5 in Armour
  3773 | D:4      | Found a white marble altar of Elyvilon.
  3773 | D:4      | Found a glowing silver altar of Zin.
  3774 | D:4      | Found a sparkling altar of Nemelex Xobeh.
  3819 | D:4      | Found a blossoming altar of Fedhas.
  4191 | D:5      | Entered Level 5 of the Dungeon
  4258 | D:5      | Noticed Sigmund
  4267 | D:5      | Killed Sigmund
  4267 | D:5      | Reached XP level 8. HP: 35/50 MP: 8/8
  4391 | D:5      | Reached skill level 6 in Maces & Flails
  4644 | D:5      | Found a sacrificial altar of Ru.
  4768 | D:5      | Found Wingir's Antique Armour Emporium.
  4776 | D:5      | Bought a shiny helmet for 150 gold pieces
  5494 | D:6      | Reached skill level 7 in Maces & Flails
  5631 | D:6      | Found a stormy altar of Qazlal.
  5654 | D:6      | Found a staircase to the Ecumenical Temple.
  5743 | D:6      | Reached XP level 9. HP: 56/56 MP: 9/9
  5764 | Temple   | Entered the Ecumenical Temple
  5980 | Temple   | Became a worshipper of Warmaster Okawaru
  6249 | D:6      | Found a deep blue altar of Sif Muna.
  6470 | D:6      | Reached * piety under Okawaru
  6807 | D:7      | Reached skill level 8 in Maces & Flails
  6951 | D:7      | Noticed a wizard
  6951 | D:7      | Noticed a wizard
  6951 | D:7      | Noticed a wizard
  6952 | D:7      | Noticed an orc sorcerer
  6953 | D:7      | Noticed a smoke demon
  6995 | D:8      | Reached ** piety under Okawaru
  7002 | D:8      | Killed from afar by an orc priest

Vault maps used:
D:1:      ncdulo_wetmaze, serial_forest, infiniplex_forest_straight_3,
          infiniplex_forest_straight_2, infiniplex_forest_straight_5,
          infiniplex_forest_lined_corner, infiniplex_forest_end_double,
          tso_altar
D:3:      first_ration
D:4:      nicolae_overflow_quartered_altars, grunt_tough_drop,
          uniq_blork_the_orc
D:5:      cheibrodos_fzero, nicolae_ru_sacrificial_ziggurat, serial_shops, shop,
          minmay_statues_item, uniq_sigmund
D:6:      grunt_qazlal_clouds, minmay_temple_entry_crystal_x, basic_altar,
          serial_bayou_pond_c
D:7:      cheibrodos_wizards_tower, enter_bailey_3, grunt_ogre_cave,
          grunt_ministairs_11
D:8:      lair_entry_dummy, grunt_ministairs_6
Temple:   regret_index_temple_generic_petals

Skill      XL: |  1  2  3  4  5  6  7  8  9 |
---------------+----------------------------+-----
Maces & Flails | 3 4 5 7 8 |  8.5
Shields        | 4 5 6 7 |  7.2
Armour         | 4 5 6 7 |  7.1
Fighting       | 4 5 6 7 |  7.1

Action                   |  1- 3 |  4- 6 |  7- 9 || total
-------------------------+-------+-------+-------++-------
Melee: Flail             |   163 |   232 |       ||   395
       Dire flail        |       |    26 |   294 ||   320
Throw: Stone             |       |       |     4 ||     4
       Tomahawk          |       |       |     3 ||     3
Invok: Heroism           |       |       |     1 ||     1
  Use: Scroll            |       |       |     4 ||     4
       Potion            |       |       |     2 ||     2
  Eat: Chunk             |       |     6 |     7 ||    13
       Ration            |       |     1 |     1 ||     2
Armor: Scale mail        |   103 |    59 |       ||   162
       Chain mail        |       |    91 |   211 ||   302
Dodge: Dodged            |    50 |    70 |   121 ||   241
Block: Shield            |    90 |   126 |       ||   216

Table legend:
 A = Spawn XP
 B = Non-spawn XP
 C = Spawn XP percentage of total XP
 D = Spawn monster count
 E = Non-spawn monster count
 F = Spawn count percentage of total count
 G = Total turns spent on level
                    A         B        C        D         E        F      G
               +---------+---------+-------+---------+---------+-------+---------
         Total |       0 |    3991 |   0.0 |       0 |     175 |   0.0 |  7002
               +---------+---------+-------+---------+---------+-------+---------
           D:1 |       0 |      58 |   0.0 |       0 |      32 |   0.0 |   723
           D:2 |       0 |     119 |   0.0 |       0 |      27 |   0.0 |  1378
           D:3 |       0 |     197 |   0.0 |       0 |      27 |   0.0 |   987
           D:4 |       0 |     682 |   0.0 |       0 |      23 |   0.0 |  1120
           D:5 |       0 |     647 |   0.0 |       0 |      25 |   0.0 |  1258
           D:6 |       0 |    1377 |   0.0 |       0 |      27 |   0.0 |  1131
           D:7 |       0 |     309 |   0.0 |       0 |       6 |   0.0 |   119
           D:8 |       0 |     588 |   0.0 |       0 |       7 |   0.0 |    41
        Temple |       0 |      14 |   0.0 |       0 |       1 |   0.0 |   245
               +---------+---------+-------+---------+---------+-------+---------
